 Dungeon Crawl Stone Soup version 0.29.1-15-g9cfb28693d (webtiles) character file.

Game seed: 12981464367690932178

11 protoss039 the Digger (level 2, 5/20 HPs)
             Began as a Demonspawn Earth Elementalist on Mar 18, 2023.
             Got out of the dungeon alive.
             The game lasted 00:00:36 (457 turns).

protoss039 the Digger (DsEE)                         Turns: 457, Time: 00:00:36

Health: 5/20       AC:  5    Str:  8    XL:     2   Next: 17%
Magic:  5/5        EV: 10    Int: 16    God:
Gold:   15         SH:  0    Dex: 13    Spells: 4/5 levels left

rFire   . . .      SeeInvis .   a - +0 war axe
rCold   . . .      Faith    .   (no shield)
rNeg    . . .      Spirit   .   d - +0 ring mail
rPois   .          Reflect  .   (no helmet)
rElec   .          Harm     .   (no cloak)
rCorr   .          Rampage  .   (no gloves)
Will    .....                   (no boots)
Stlth   +.........              (no amulet)
HPRegen 0.06/turn               (no ring)
MPRegen 0.09/turn               (no ring)

@: no status effects
A: foul stench 1
a: no special abilities


You escaped.
You visited 1 branch of the dungeon, and saw 1 of its levels.

You collected 15 gold pieces.

Inventory:

Hand Weapons
 a - a +0 war axe (weapon)
Armour
 d - a +0 ring mail (worn)
Potions
 b - a potion of magic
 c - a potion of curing {unknown}
 e - a potion of mutation {unknown}
 f - a potion of heal wounds {unknown}


   Skills:
 + Level 0.9 Fighting
 - Level 1.7 Dodging
 - Level 1.7 Stealth
 + Level 2.2 Spellcasting
 - Level 0.8 Transmutations
 + Level 2.9 Earth Magic


You had 4 spell levels left.
You knew the following spells:

 Your Spells              Type           Power      Damage    Failure   Level
a - Sandblast             Erth           22%        2d7       19%         1

Your spell library contained the following spells:

 Spells                   Type           Power      Damage    Failure   Level
 Passwall                 Tmut/Erth      5%         N/A       41%         2
 Stone Arrow              Conj/Erth      12%        3d7       71%         3
 Petrify                  Tmut/Erth      7%         N/A       96%         4


Dungeon Overview and Level Annotations

Branches:
Dungeon (1/15) Zot: 5529

Altars:


Innate Abilities, Weirdness & Mutations

You may rarely emit foul miasma when damaged in melee.


Message History

The jackal bites you but does no damage.
The jackal bites you.
You hit the jackal but do no damage.
The jackal bites you but does no damage.
The jackal closely misses you.
You closely miss the jackal.
The jackal bites you but does no damage.
The jackal closely misses you. x2
You closely miss the jackal.
The jackal bites you but does no damage.
The kobold hits you but does no damage. The jackal barely misses you.
You miss the kobold. You closely miss the jackal. The jackal barely misses you.
The kobold closely misses you.
The jackal bites you but does no damage.
You barely miss the jackal. You hit the kobold.
You kill the kobold!
The jackal closely misses you.
The jackal bites you but does no damage.
The jackal bites you but does no damage.
Things that are here:
a +0 dagger; 3 stones; a kobold corpse You hit the jackal but do no damage.
The jackal bites you.
* * * LOW HITPOINT WARNING * * *
The jackal bites you but does no damage.
You closely miss the jackal.
The jackal bites you but does no damage.
The jackal barely misses you.
You closely miss the jackal. The jackal barely misses you.
The jackal bites you.
* * * LOW HITPOINT WARNING * * *
The jackal bites you but does no damage.
You barely miss the jackal.
The jackal bites you but does no damage. x2
You barely miss the jackal. The jackal barely misses you. x2
You slash the jackal!
You kill the jackal!
You see here a jackal corpse.
There is a staircase leading out of the dungeon here.
Are you sure you want to leave the Dungeon?
This will make you lose the game!
You have escaped!

#. #.## .. # ### #..# .. . ..#
##.# #. #.###.## # #.# #.#.## .##
.. ..# ##.## #.. . #.
#.###.#.###.# #. . #.#.#.#.#.#
#.###. # ##.#.@.#.# ...# #.
#######.#.#.#.#.# #######.# #..
...##.###.#[###.# .........
##..####.#.## ##.## #..#######..
............###.#.#####.........#
......†).###.#.###.#....######..#
#...###..###..#####..#########)>#
##. #..........###.........(..#
##.###.###.###.÷...........


There were no monsters in sight!

Vanquished Creatures
  2 bats (D:1)
  An endoplasm (D:1)
  A goblin (D:1)
  3 jackals (D:1)
  A ball python (D:1)
  A frilled lizard (D:1)
  A kobold (D:1)
  A rat (D:1)
11 creatures vanquished.

Notes
Turn   | Place    | Note
-------+----------+-------------------------------------------
     0 | D:1      | protoss039 the Demonspawn Earth Elementalist began the
                  | quest for the Orb.
     0 | D:1      | Reached XP level 1. HP: 13/13 MP: 3/3
   385 | D:1      | Found a faded altar of an unknown god.
   428 | D:1      | Gained mutation: You may rarely emit foul miasma when
                  | damaged in melee. [demonic ancestry]
   428 | D:1      | Reached XP level 2. HP: 11/20 MP: 5/5
   457 | D:$      | Got out of the dungeon alive.

Illustrated notes

Levels and vault maps discovered:
D:1:      minmay_arrival_diagonal_passages, layout_loops_ring,
          shapermc_ecumenical_altar_flowoftime

Action                   || total
-------------------------++-------
Melee: Hand axe          ||     8
       War axe           ||    19
 Cast: Sandblast         ||     5
Armor: Ring mail         ||    24
Dodge: Dodged            ||    19
